 Dungeon Crawl Stone Soup version 0.19.1 (webtiles) character file.

4613 SQman the Reanimator (level 10, -4/84 HPs)
             Began as a Deep Dwarf Necromancer on Dec 6, 2016.
             Was a Priest of Nemelex Xobeh.
             Slain by a four-headed hydra (10 damage)
             ... on level 1 of the Lair of Beasts on Dec 7, 2016.
             The game lasted 01:21:51 (6624 turns).

SQman the Reanimator (Deep Dwarf Necromancer)       Turns: 6624, Time: 01:21:52

Health: -4/84      AC:  9    Str: 12    XL:     10   Next: 19%
Magic:  3/20       EV: 16    Int: 18    God:    Nemelex Xobeh [***...]
Gold:   238        SH:  0    Dex: 14    Spells: 6 memorised, 9 levels left

rFire  . . .     SeeInvis .     e - +1 hand axe
rCold  . . .     Gourm    .     a - +2 robe
rNeg   . . .     Faith    .     (no shield)
rPois  .         Spirit   .     G - +2 hat {MR+}
rElec  .         Reflect  .     j - +2 cloak
rCorr  .         Harm     .     (no gloves)
MR     ++...                    (no boots)
Stlth  +++.......               (no amulet)
                                D - ring of magical power
                                r - +1 ring of evasion

@: very slightly contaminated, non-regenerating
A: damage resistance, recharge devices, sense surroundings 2, slow regeneration
3
a: Device Recharging, Triple Draw, Renounce Religion


You were on level 1 of the Lair of Beasts.
You worshipped Nemelex Xobeh.
Nemelex Xobeh was most pleased with you.
You were hungry.

You visited 3 branches of the dungeon, and saw 10 of its levels.
You also visited: Ossuary.

You collected 418 gold pieces.
You spent 180 gold pieces at shops.

Inventory:

Hand Weapons
 e - a +1 hand axe (weapon)
 g - a +0 war axe
 u - a +0 broad axe
Missiles
 l - 7 tomahawks (quivered)
Armour
 a - a +2 robe (worn)
 h - a +0 leather armour
 j - a +2 cloak (worn)
 k - +0 shadow dragon scales
 m - a +0 robe
 s - a +0 helmet
 G - a +2 hat of magic resistance (worn)
Jewellery
 r - a +1 ring of evasion (left hand)
 z - an uncursed ring of poison resistance
 D - a ring of magical power (right hand)
Wands
 c - a wand of heal wounds (2/9)
 n - a wand of digging (2/24)
 E - a wand of iceblast (11/15)
 F - a wand of flame (29/48)
 H - a wand of acid (9/15)
Scrolls
 d - 3 scrolls of remove curse
 q - 2 scrolls of magic mapping
 w - a scroll of amnesia
 x - a scroll of teleportation
 B - 2 scrolls of identify
Potions
 o - 5 potions of curing
 v - 4 potions of lignification
 A - 4 potions of flight
 C - 2 potions of magic
Books
 b - a book of Necromancy

   Spells                             Type                      Level
   a - Pain                           Necromancy                   1
   b - Animate Skeleton               Necromancy                   1
   c - Vampiric Draining              Necromancy                   3
   d - Regeneration                   Charms/Necromancy            3
   e - Animate Dead                   Necromancy                   4
   f - Control Undead                 Necromancy                   4
 p - a book of Cantrips

   Spells                             Type                      Level
   a - Confusing Touch                Hexes                        1
   b - Animate Skeleton               Necromancy                   1
   c - Summon Small Mammal            Summoning                    1
   d - Apportation                    Translocation                1
Miscellaneous
 y - a plain deck of summoning {drawn: 3}
 K - an ornate deck of escape {drawn: 1}
Comestibles
 f - 2 beef jerkies
 i - 2 bread rations
 t - 8 slices of pizza
 I - 6 chunks of flesh
 J - a fruit
 L - a meat ration


   Skills:
 + Level 3.3 Fighting
 + Level 6.0 Axes
 + Level 0.6 Throwing
 + Level 5.2 Dodging
 + Level 4.0 Stealth
 + Level 7.3 Spellcasting
 + Level 10.2 Necromancy
 + Level 1.1 Invocations
 + Level 2.4 Evocations


You had 9 spell levels left.
You knew the following spells:

 Your Spells              Type           Power        Failure   Level  Hunger
a - Pain                  Necr           ####         1%          1    None
b - Animate Skeleton      Necr           N/A          1%          1    None
c - Vampiric Draining     Necr           #####.....   1%          3    #......
d - Summon Small Mammal   Summ           #...         12%         1    None
e - Animate Dead          Necr           N/A          1%          4    ###....
f - Control Undead        Necr           #####.....   1%          4    ###....


Dungeon Overview and Level Annotations

Branches:
Dungeon (8/15)             Temple (1/1) D:4            Lair (1/6) D:8

Altars:
Cheibriados
Dithmenos
Elyvilon
Fedhas
Hepliaklqana
Kikubaaqudgha
Makhleb
Nemelex Xobeh
Okawaru
Ru
Sif Muna
Trog
Vehumet
Xom
Yredelemnul
Zin
The Shining One

Shops:
D:6 }   D:8 ?


Innate Abilities, Weirdness & Mutations

You are resistant to damage.
You can recharge devices by infusing magical energy.
You passively map the area around you.
You do not regenerate.


Message History

The four-headed hydra misses you. The four-headed hydra bites you!
* * * LOW HITPOINT WARNING * * *
The four-headed hydra closely misses you.
Casting: Vampiric Draining
Confirm with . or Enter, or press ? or * to list all spells.
Aiming: Pain
Press: ? - help, Shift-Dir - straight line, f - four-headed hydra
Aim: a four-headed hydra (moderately wounded, chance to defeat MR: 54%)
The four-headed hydra resists with significant effort.
You draw a card...
It is the Cloud.
Clouds appear around you! The four-headed hydra bites you.
The four-headed hydra closely misses you.
The four-headed hydra bites you.
* * * LOW HITPOINT WARNING * * *
The four-headed hydra misses you.
The four-headed hydra closely misses you.
The four-headed hydra bites you but does no damage.
The four-headed hydra bites you!
You die...
Your body glows slightly and disappears.

####...#......# .... * *
* , ,
#####..P......#.....P ,
...##.........+.....##* *
* ...##..#......#.....P#
,, ,
....#...............# ,,
..>'..........#.....#* *
, .####..####..P#.....# ,
, * ,
#####........§§§....#**,
* .............§ZD@...# ,
* ,
...>[........§§§.....# *
** ,
........................
........................
,,
........................
,, ,,
}...................####,
.###.....#.#####...## *
*, . *#....#..# #...# *
,, ,* , , , , ,


You could see a four-headed hydra and a friendly yak skeleton.

Vanquished Creatures
  An ugly thing (D:7)
  A wyvern (D:8)
  3 yaks (Lair:1)
  The ghost of Angani the Ruffian, an amateur NaTm of Cheibriados (D:3)
  Menkaure (D:6)
  A warg (D:8)
  2 orc warriors (D:7)
  2 ice beasts
  A black bear (D:6)
  3 ogres
  A crocodile (D:7)
  3 water moccasin zombies (Ossuary)
  A scorpion (D:4)
  A wight (D:8)
  A crimson imp (D:6)
  An iron imp (D:5)
  3 hounds
  A bullfrog skeleton (D:8)
  3 orc priests
  5 orc wizards
  A centaur skeleton (D:5)
  2 iguanas
  7 worker ants
  2 big kobold zombies (Ossuary)
  A hound skeleton (D:5)
  3 gnolls (D:4)
  5 adders
  A shadow imp (D:7)
  5 adder zombies (Ossuary)
  2 adder skeletons
  2 worms
  2 dart slugs
  4 leopard geckos
  26 orcs
  3 giant cockroaches
  3 gnoll zombies (Ossuary)
  8 goblins
  10 hobgoblins
  5 jackals
  2 kobolds
  3 quokkas
  A ball python (D:3)
  6 bats
  A frilled lizard (D:1)
  3 hobgoblin zombies (Ossuary)
  2 kobold zombies (Ossuary)
  7 orc zombies (Ossuary)
  4 rats
  A fungus (Lair:1)
158 creatures vanquished.

Vanquished Creatures (collateral kills)
  A komodo dragon (Lair:1)
  A yak (D:8)
  3 hogs (D:8)
  A human (D:8)
  2 wargs (D:8)
  3 ice beasts (D:7)
  An ogre (D:6)
  A centaur (D:6)
  3 bullfrogs
  2 scorpions
  2 wights (D:8)
  A howler monkey (D:8)
  A crimson imp (D:7)
  A hound (D:7)
  An orc priest (D:8)
  A jelly (D:7)
  2 orc wizards (D:8)
  An iguana (D:7)
  A worker ant (D:6)
  A hound skeleton (D:7)
  2 mummies (Ossuary)
  An adder (D:5)
  An ooze (D:6)
  A leopard gecko (D:7)
  15 orcs
  A goblin (D:3)
  A quokka (D:3)
  A hobgoblin zombie (Ossuary)
  2 rats
55 creatures vanquished.

Vanquished Creatures (others)
  A crimson imp (D:6)
1 creature vanquished.

Grand Total: 214 creatures vanquished

Notes
Turn   | Place    | Note
-------+----------+-------------------------------------------
     0 | D:1      | SQman the Deep Dwarf Necromancer began the quest for the Orb.
     0 | D:1      | Reached XP level 1. HP: 15/15 MP: 3/3
     2 | D:1      | Learned a level 1 spell: Animate Skeleton
   410 | D:1      | Reached XP level 2. HP: 8/22 MP: 0/4
   901 | D:1      | Reached skill level 1 in Axes
   982 | D:1      | Found a sparkling altar of Nemelex Xobeh.
   986 | D:1      | Became a worshipper of Nemelex Xobeh the Trickster
  1145 | D:2      | Reached XP level 3. HP: 25/28 MP: 4/6
  1164 | D:2      | Received a gift from Nemelex Xobeh
  1392 | D:2      | Learned a level 3 spell: Vampiric Draining
  1584 | D:2      | Reached skill level 5 in Necromancy
  1904 | D:3      | Reached * piety under Nemelex Xobeh
  1913 | D:3      | Learned a level 1 spell: Animate Skeleton
  1949 | D:3      | Noticed an ogre
  1966 | D:3      | Killed an ogre
  1966 | D:3      | Reached XP level 4. HP: 37/37 MP: 0/8
  2023 | D:3      | Reached XP level 5. HP: 38/43 MP: 5/9
  2030 | D:3      | Found a white marble altar of Elyvilon.
  2179 | D:3      | Noticed Angani's ghost (amateur NaTm)
  2210 | D:3      | Killed Angani's ghost
  2210 | D:3      | Reached skill level 1 in Fighting
  2316 | D:4      | Reached XP level 6. HP: 37/51 MP: 5/11
  2391 | D:4      | Received a gift from Nemelex Xobeh
  2394 | D:4      | Learned a level 1 spell: Summon Small Mammal
  2399 | D:4      | Learned a level 4 spell: Animate Dead
  2482 | D:4      | Found a staircase to the Ecumenical Temple.
  2487 | Temple   | Entered the Ecumenical Temple
  2644 | D:4      | Reached skill level 6 in Necromancy
  2794 | D:4      | Received a gift from Nemelex Xobeh
  2875 | D:4      | Found a shimmering altar of Xom.
  3274 | D:5      | Entered Level 5 of the Dungeon
  3394 | D:5      | Reached skill level 1 in Evocations
  3394 | D:5      | Reached XP level 7. HP: 51/57 MP: 8/12
  3507 | D:5      | Found a sand-covered staircase.
  3705 | D:5      | Identified a scroll of acquirement
  3789 | D:5      | Reached ** piety under Nemelex Xobeh
  3979 | Ossuary  | Entered an ossuary
  4274 | D:5      | Learned a level 4 spell: Control Undead
  4389 | D:6      | Found a sparkling altar of Nemelex Xobeh.
  4429 | D:6      | Noticed a chaos spawn
  4434 | D:6      | Reached XP level 8. HP: 67/67 MP: 4/10
  4505 | D:6      | Reached skill level 1 in Invocations
  4520 | D:6      | Reached skill level 7 in Necromancy
  4695 | D:6      | Noticed Menkaure
  4772 | D:6      | HP: 3/68 [Menkaure (20)]
  4806 | D:6      | Killed Menkaure
  4806 | D:6      | Reached skill level 5 in Spellcasting
  4844 | D:6      | Found Myuxut's Gadget Boutique.
  4983 | D:6      | Reached skill level 5 in Axes
  5114 | D:7      | Received a gift from Nemelex Xobeh
  5230 | D:7      | Found a burning altar of Makhleb.
  5319 | D:7      | Reached skill level 8 in Necromancy
  5398 | D:7      | Gained mutation: You passively map the area around you. [Deep Dwarf growth]
  5398 | D:7      | Reached XP level 9. HP: 61/74 MP: 2/10
  5628 | D:7      | Noticed a green ugly thing
  5652 | D:7      | Killed a green ugly thing
  5670 | D:7      | Reached skill level 9 in Necromancy
  5849 | D:7      | Found a hazy altar of Hepliaklqana.
  5919 | D:8      | Found a shadowy altar of Dithmenos.
  5961 | D:8      | Reached *** piety under Nemelex Xobeh
  6070 | D:8      | Reached skill level 5 in Dodging
  6239 | D:8      | Found Fayggaa's Magic Scroll Shoppe.
  6247 | D:8      | Bought a scroll of enchant armour for 90 gold pieces
  6247 | D:8      | Bought a scroll of enchant weapon for 90 gold pieces
  6352 | D:8      | Reached XP level 10. HP: 29/84 MP: 0/12
  6384 | D:8      | Found a staircase to the Lair.
  6424 | Lair:1   | Entered Level 1 of the Lair of Beasts
  6463 | Lair:1   | Reached skill level 10 in Necromancy
  6563 | Lair:1   | Received a gift from Nemelex Xobeh
  6600 | Lair:1   | Noticed a four-headed hydra
  6624 | Lair:1   | Slain by a four-headed hydra

Skill      XL: |  1  2  3  4  5  6  7  8  9 10 |
---------------+-------------------------------+-----
Axes           | 1 2 4 5 6 |  6.0
Spellcasting   | 2 3 4 5 7 |  7.3
Stealth        | 3 4 |  4.0
Necromancy     | 5 6 8 9 10 | 10.2
Fighting       | 1 2 3 |  3.3
Evocations     | 1 2 |  2.4
Dodging        | 3 4 5 |  5.2
Invocations    | 1 |  1.1
Throwing       | |  0.6

Action                   |  1- 3 |  4- 6 |  7- 9 | 10-12 || total
-------------------------+-------+-------+-------+-------++-------
Melee: Hand axe          |    46 |    73 |   429 |    35 ||   583
Throw: Stone             |     3 |       |       |       ||     3
       Tomahawk          |     2 |     2 |     6 |       ||    10
 Cast: Pain              |    66 |    54 |   108 |    17 ||   245
       Animate Skeleton  |    13 |     3 |     5 |     2 ||    23
       Vampiric Draining |     1 |       |    26 |     8 ||    35
       Animate Dead      |       |     3 |    18 |       ||    21
       Summon Small Mamm |       |     2 |       |       ||     2
       Control Undead    |       |       |     8 |       ||     8
 Abil: Device Recharging |       |     1 |     7 |     1 ||     9
Evoke: Wand              |     2 |     2 |    24 |     3 ||    31
       Deck              |     1 |     3 |    10 |     1 ||    15
  Use: Potion            |     5 |     1 |     8 |       ||    14
       Scroll            |     7 |     5 |    12 |       ||    24
 Stab: Sleeping          |       |       |     1 |       ||     1
       Distracted        |       |       |       |     1 ||     1
  Eat: Chunk             |     4 |       |     7 |       ||    11
       Bread ration      |     1 |       |       |       ||     1
       Meat ration       |       |     1 |       |       ||     1
       Royal jelly       |       |       |     3 |       ||     3
Armor: Leather armour    |     5 |       |       |       ||     5
       Robe              |    10 |    14 |   102 |     8 ||   134
       Skin              |       |    16 |       |       ||    16
Dodge: Dodged            |    52 |    54 |   347 |    34 ||   487
